 Dungeon Crawl Stone Soup version 0.24.0-2-g5b39cebb1c (webtiles) character file.

Game seed: 6809102533761348403, levelgen mode: deterministic

5 Esekla the Magician (level 1, -2/9 HPs)
             Began as a Spriggan Wizard on Nov 1, 2019.
             Slain by Sigmund
             ... wielding a +3 scythe of slicing
              (4 damage)
             ... on level 3 of the Dungeon.
             The game lasted 00:04:14 (431 turns).

Esekla the Magician (Spriggan Wizard)                Turns: 431, Time: 00:04:15

Health: -2/9       AC:  2    Str:  3    XL:     1   Next: 66%
Magic:  6/6        EV: 18    Int: 19    God:
Gold:   24         SH:  0    Dex: 14    Spells: 7/8 levels left

rFire    . . .     SeeInvis +   g - +0 war axe
rCold    . . .     Gourm    .   (shield restricted)
rNeg     . . .     Faith    .   a - +0 robe
rPois    .         Spirit   .   b - +0 hat
rElec    .         Reflect  .   (no cloak)
rCorr    .         Harm     .   (gloves unavailable)
MR       .....                  (boots unavailable)
Stlth    ++........             (no amulet)
HPRegen  0.03/turn              (no ring)
MPRegen  0.10/turn              (no ring)

@: lethally poisoned (-2 -> -11), about to teleport, very quick
A: very small, unfitting armour, see invisible, herbivore, speed 3, slow
metabolism 2
a: no special abilities


You were on level 3 of the Dungeon.
You were not hungry.

You visited 1 branch of the dungeon, and saw 3 of its levels.

You collected 24 gold pieces.

Inventory:

Hand Weapons
 g - a +0 war axe (weapon)
Armour
 a - a +0 robe (worn)
 b - a +0 hat (worn)
Potions
 c - 2 potions of curing {unknown}
 e - 2 potions of haste {unknown}
 h - a potion of degeneration {unknown}
Comestibles
 d - a ration


   Skills:
 + Level 3.0 Dodging
 + Level 3.0 Stealth
 + Level 4.3 Spellcasting
 + Level 0.8 Conjurations
   Level 0.7 Summonings
   Level 1.5 Translocations


You had 7 spell levels left.
You knew the following spells:

 Your Spells              Type           Power        Failure   Level  Hunger
a - Magic Dart            Conj           #...         10%         1    None

Your spell library contained the following spells:

 Spells                   Type           Power        Failure   Level  Hunger
 Blink                    Tloc           N/A          11%         2    #......
 Call Imp                 Summ           #.......     16%         2    #......
 Slow                     Hex            #.......     21%         2    #......
 Conjure Flame            Conj/Fire      #.......     32%         3    ###....
 Mephitic Cloud           Conj/Pois/Air  #.......     34%         3    ###....


Dungeon Overview and Level Annotations

Branches:
Dungeon (3/15)

Altars:
Elyvilon
Zin

Annotations:
D:3 Natasha, Robin, Sigmund


Innate Abilities, Weirdness & Mutations

You are very small and have problems with some larger weapons.
You are too small for most types of armour.
You have supernaturally acute eyesight. (SInv)
You are a herbivore.
You cover ground extremely quickly.
You need to consume almost no food.


Message History

Robin roars a battlecry!
The goblins go into a battle-frenzy!
A goblin comes into view.
A goblin comes into view.
Sigmund casts a spell at you. You resist with significant effort.
You slash the goblin!
You kill the goblin!
You hit the adder but do no damage. The adder bites you.
You are poisoned.
The adder poisons you! The adder bites you. The goblin barely misses you.
As you read the scroll labeled USIUXIPLOC, it crumbles to dust.
You feel strangely unstable.
It was a scroll of teleportation.
* * * LOW HITPOINT WARNING * * *
You feel sick.
A goblin comes into view. It is wielding a +0 dagger.
The adder closely misses you. The goblin barely misses you.
The adder misses you.
Sigmund hits you from afar with a +3 scythe of slicing.
You die...

######.#.#
#........ #......#
#### #......#
#...###......#
#............#
#......#######
#.....(###...#
+......(K@.@g#
#......###gS.#
####...#
#g##gg..g.#
#...#..g. gg..#.#
####...#.........#
#......#.....#'###
#...K..#.....#.#
#...######'###.#
#...# .#


You could see Sigmund, Robin, an adder, a hobgoblin, 6 goblins and a kobold.

Vanquished Creatures
  A bat (D:3)
  A goblin (D:3)
  A kobold (D:3)
  3 rats
6 creatures vanquished.

Notes
Turn   | Place    | Note
-------+----------+-------------------------------------------
     0 | D:1      | Esekla the Spriggan Wizard began the quest for the Orb.
     0 | D:1      | Reached XP level 1. HP: 9/9 MP: 6/6
    90 | D:2      | Found a glowing silver altar of Zin.
    90 | D:2      | Found a white marble altar of Elyvilon.
   128 | D:3      | Noticed Natasha
   132 | D:3      | Noticed a crimson imp
   295 | D:3      | Noticed Robin
   409 | D:3      | Noticed Sigmund
   431 | D:3      | Slain by Sigmund

Levels and vault maps discovered:
D:1:      minmay_arrival_stair_chambers, layout_loops_ring
D:2:      layout_rooms, okawaru_ov_weapons_minmay, lemuel_crystal_altar,
          lemuel_crystal_altar, minmay_puff
D:3:      layout_basic, biasface_ghost_orc_armoury, uniq_natasha, uniq_sigmund,
          uniq_robin

Action                   || total
-------------------------++-------
Melee: War axe           ||     2
       Unarmed           ||     2
 Cast: Magic Dart        ||    10
  Use: Scroll            ||     1
Armor: Robe              ||     4
Dodge: Dodged            ||    20
